Map: Central Protocol

Players

Tic - Winner!

  • Race: Zerg Zerg
  • League: Diamond

Spagooder

  • Race: Terran Terran
  • League: Gold

VOD

Have the link to the VOD?

Description

Time

  • Played on: Feb. 22, 2016, 4:21 a.m.
  • Length: 11:44
Show
View Real Time Build Order
Export as new Build Order

Tic Zerg - Winner!

Build Orders: Hatch First 

Get SALT Encoding   

  12  0:01  Drone  
  13  0:12  Overlord  
  13  0:18  Drone  
  14  0:30  Drone x2  
  14  0:35  Drone  
  17  0:54  Hatchery  
  17  0:57  Drone  
  17  1:00  Drone  
  18  1:08  Extractor  
  18  1:09  Drone  
  18  1:20  Spawning Pool  
  18  1:24  Drone  
  18  1:33  Drone  
  19  2:03  Overlord  
  19  2:07  Zergling x4  
  21  2:11  Queen x2  
  21  2:12  Metabolic Boost  
  25  2:15  Drone  
  25  2:17  Drone  
  25  2:20  Drone  
  28  2:47  Queen  
  28  2:48  Drone x3  
  28  2:51  Overlord  
  33  2:56  Drone  
  34  2:59  Drone  
  35  3:19  Roach Warren  
  33  3:28  Zergling x4  
  33  3:29  Zergling x6  
  33  3:30  Zergling x6  
  33  3:31  Overlord  
  41  3:35  Overlord  
  41  4:05  Roach x7  
  41  4:06  Roach x2  
  41  4:08  Overlord  
  59  4:11  Overlord  
  59  4:35  Zergling x2  
  59  4:36  Zergling x16  
  68  4:40  Lair  
  66  5:02  Drone  
  66  5:03  Drone x9  
  62  5:25  Overlord  
  58  5:28  Extractor x2  
  56  5:37  Glial Reconstitution  
  56  5:40  Drone x6  
  56  5:41  Drone  
  63  5:49  Overlord  
  59  5:50  Pneumatized Carapace  
  59  5:54  Hatchery  
  56  6:06  Roach x6  
  56  6:08  Roach  
  60  6:36  Roach x9  
  60  6:38  Roach  
  60  6:39  Overlord x2  
  80  7:06  Queen  
  82  7:08  Zergling x4  
  82  7:09  Zergling x12  
  82  7:11  Hatchery, Zergling x4  
  82  7:13  Zergling x2  
  92  7:16  Ravager x2  
  92  7:17  Ravager x2  
  96  7:25  Overlord  
  96  7:30  Zergling x10  
  92  7:55  Roach  
  92  7:56  Roach x7  
  100  8:06  Queen  
  100  8:12  Roach x6  
  109  8:22  Overseer  
  91  8:45  Roach x5  
  91  8:46  Roach x7  
  115  8:59  Ravager  
  115  9:00  Ravager  
  111  9:19  Zergling x22  
  111  9:20  Zergling x2  
  123  9:26  Zergling x2  
  123  9:27  Zergling x8  
  123  9:28  Overlord x2  
  123  9:30  Overlord  
  115  9:52  Zergling x2  
  115  9:53  Zergling x22  
  115  9:56  Ravager x5  
  115  9:58  Ravager  
  118  10:26  Roach x6  
  118  10:27  Roach x4  
  114  10:56  Roach  
  123  10:57  Roach x9  
  121  11:10  Zergling x10  
Show
View Real Time Build Order
Export as new Build Order

Spagooder Terran 

Build Orders: MMM Bio 

Get SALT Encoding   

  12  0:01  SCV  
  13  0:13  SCV  
  14  0:19  Supply Depot  
  14  0:25  SCV  
  15  0:40  SCV  
  15  0:42  Barracks  
  16  0:47  Refinery  
  16  0:52  SCV  
  17  1:05  SCV  
  18  1:17  SCV  
  19  1:29  Orbital Command  
  19  1:33  Barracks Reactor  
  19  1:42  Command Center  
  19  1:52  Supply Depot  
  19  1:55  SCV  
  19  2:00  Refinery  
  20  2:08  SCV  
  20  2:10  Reaper x2  
  23  2:20  SCV  
  24  2:31  Barracks  
  24  2:32  SCV  
  25  2:42  Reaper  
  25  2:43  Reaper  
  27  2:45  SCV  
  28  2:54  Orbital Command  
  28  2:57  SCV, Barracks  
  29  3:09  SCV  
  30  3:22  Reaper x2  
  30  3:23  Marine  
  33  3:29  Orbital Command  
  33  3:39  SCV  
  34  3:52  Barracks Tech Lab  
  34  3:55  SCV, Factory  
  34  3:57  SCV  
  35  4:07  Supply Depot, SCV  
  35  4:09  Marine x2, SCV  
  39  4:11  Bunker  
  39  4:12  Supply Depot  
  39  4:13  Stimpack  
  39  4:15  Marine x2  
  41  4:20  SCV  
  41  4:21  SCV  
  43  4:25  Refinery  
  43  4:30  Marine x2  
  45  4:33  SCV x2  
  47  4:41  Marine x2  
  47  4:44  Starport, Factory Tech Lab  
  49  4:45  SCV  
  49  4:46  SCV  
  51  4:59  Marine x4  
  54  5:03  Siege Tank  
  58  5:17  Marine  
  44  5:33  Marine x2  
  46  5:36  Marauder  
  43  5:54  Marine  
  43  5:55  Marine x2  
  43  5:56  Siege Tank  
  48  6:06  Supply Depot, Marauder  
  47  6:18  Marine  
  47  6:19  Marine x2  
  47  6:23  SCV x2  
  52  6:28  Siege Tank  
  55  6:33  Supply Depot  
  55  6:34  Bunker  
  55  6:35  Supply Depot, Marauder, Combat Shields  
  55  6:37  Supply Depot  
  57  6:43  Marine  
  57  6:44  Marine x2  
  57  6:46  Starport Reactor  
  60  6:47  SCV x2  
  60  6:49  Supply Depot  
  62  6:58  Marauder  
  62  6:59  SCV x2  
  62  7:00  Siege Tank  
  69  7:11  SCV x2  
  69  7:12  Marine x3  
  69  7:14  Command Center  
  74  7:20  Marine  
  75  7:23  SCV x2  
  75  7:28  Medivac x2  
  81  7:31  Marine  
  81  7:32  Marine x2  
  84  7:40  Marauder  
  56  8:08  Marine x3, Medivac x2  
  56  8:11  Marauder, Concussive Shells  
  65  8:17  Barracks x2  
  63  8:20  Orbital Command  
  61  8:29  Marine x3  
  61  8:32  Marine  
  61  8:34  SCV  
  66  8:39  Medivac x2  
  70  8:50  Supply Depot  
  70  9:04  Supply Depot  
  70  9:06  Bunker  
  70  9:09  Supply Depot  
  70  9:12  Marine x3, Siege Tank, SCV x2  
  76  9:20  Marine x2  
  78  9:25  Marine  
  78  9:26  Viking, SCV  
  78  9:29  Supply Depot x2  
  77  9:54  Marine x5  
  77  9:55  Marine, Siege Tank  
  77  9:56  Medivac  
  88  10:02  SCV x2  
  88  10:12  Marine  
  53  10:36  Marine  
  53  10:37  Marine x5  
  48  11:03  Marine x4  
  29  11:20  Marine  
  29  11:21  Marine x2  
Tags
 
Add a new tag
Caveats
  • Supply blocks, unpowered buildings, or Contaminate may cause inaccurate times.
  • Supply counts are checked every 10 seconds.